 Dungeon Crawl Stone Soup version 0.30-a0-867-g305f33218d (webtiles) character file.

Game seed: 9217350262234288247

25 Pimp the Ducker (level 3, 0/25 HPs)
             Began as a Djinni Fire Elementalist on Mar 10, 2023.
             Slain by a goblin
             ... wielding a +0 club
             ... led by Robin
              (2 damage)
             ... on level 2 of the Dungeon.
             The game lasted 00:04:46 (839 turns).

Pimp the Ducker (Djinni Fire Elementalist)           Turns: 839, Time: 00:04:46

Health: 0/25       AC:  2    Str:  7    XL:     3   Next: 17%
Gold:   80         EV: 12    Int: 18    God:
                   SH:  4    Dex: 13

rFire   + + .      SeeInvis .    d - +0 falchion
rCold   x . .      Faith    .    i - +1 buckler
rNeg    . . .      Spirit   .    a - +0 robe
rPois   ∞          Reflect  .    (no helmet)
rElec   .          Rampage  .    (no cloak)
rCorr   .                        (no gloves)
Will    .....                    (boots unavailable)
Stlth   ++                       (no amulet)
HPRegen 0.24/turn                (no ring)
MPRegen 0.00/turn                (no ring)

@: flying
A: sickness immunity, fire resistance 2, cold vulnerability 1, float, innate
caster, HP casting, extra vitality 1
a: no special abilities


You were on level 2 of the Dungeon.
You visited 1 branch of the dungeon, and saw 2 of its levels.

You collected 80 gold pieces.

Inventory:

Hand Weapons
 d - a +0 falchion (weapon)
 e - a +0 quarterstaff
Armour
 a - a +0 robe (worn)
 h - a +0 ring mail
 i - a +1 buckler (worn)


   Skills:
 + Level 2.8 Dodging
 + Level 2.1 Stealth
 + Level 2.7 Spellcasting


You knew the following spells:

 Your Spells              Type           Power      Damage    Failure   Level
a - Foxfire               Conj/Fire      48%        2x1d6     8%          1
b - Scorch                Fire           24%        2d6       11%         2
c - Kindle Blastsparks    Fire/Tloc/Air  24%        2d12      22%         3
d - Inner Flame           Hex/Fire       12%        N/A       22%         3
e - Flame Wave            Conj/Fire      12%        2d6       58%         4
f - Necrotise             Necr           48%        1d6       8%          1
Your spell library was empty.

Dungeon Overview and Level Annotations

Branches:
Dungeon (2/15)

Altars:

Annotations:
D:2 Robin


Innate Abilities, Weirdness & Mutations

You are immune to sickness and miasma.
You are immune to poison.
Your flesh is very heat resistant. (rF++)
You are vulnerable to cold. (rC-)
You float through the air rather than walking.
You learn spells naturally, not from books.
Your magical power is your life essence.
You have superior vitality. (+4 MHP)


Message History

The goblin hits you with a +0 club. Robin barely misses you.
You block the hobgoblin's attack. The goblin completely misses you.
Casting: Foxfire (safe; 8% risk of failure)
Confirm with . or Enter, or press ? or * to list all spells.
You conjure some foxfire!
* * * LOW HITPOINT WARNING * * *
The goblin no longer looks unusually strong.
The hobgoblin barely misses you. The goblin hits you with a +0 club.
* * * LOW HITPOINT WARNING * * *
You block the goblin's attack.
It was a potion of curing.
You feel better.
The goblin no longer looks unusually strong.
The foxfire hits Robin but does no damage.
Robin is lightly wounded.
The goblin hits you with a +0 club.
* * * LOW HITPOINT WARNING * * *
The goblin hits you but does no damage. The hobgoblin barely misses you.
You feel better.
The hobgoblin hits you but does no damage.
You block the goblin's attack. The goblin closely misses you.
Robin barely misses you.
Casting: Foxfire (safe; 8% risk of failure)
Confirm with . or Enter, or press ? or * to list all spells.
Flames lash the goblin.
You kill the goblin!
The hobgoblin hits you. The goblin barely misses you.
The goblin hits you with a +0 club. Robin hits you with a +0 dagger.
You hit the goblin but do no damage.
The goblin is heavily wounded.
The goblin barely misses you. The hobgoblin barely misses you.
The goblin hits you with a +0 dagger.
* * * LOW HITPOINT WARNING * * *
The goblin hits you with a +0 club.
* * * LOW HITPOINT WARNING * * *
You hit the goblin.
The goblin is severely wounded.
The hobgoblin no longer looks unusually strong.
The goblin barely misses you. The hobgoblin barely misses you.
The goblin hits you with a +0 club.
You die...

... #.# #.# #.#
##'## ##...##
#.#<....##
#...)..)g##
#.......g@#
..........ggg......
#.##...########...##
.. ...>.# ..# .
.###..# .# #.## # #.


You could see Robin, a hobgoblin and 3 goblins.

Vanquished Creatures
  2 ball pythons (D:1)
  An endoplasm (D:1)
  6 goblins
  2 hobgoblins (D:1)
  3 quokkas (D:1)
  4 bats (D:1)
  A frilled lizard (D:1)
  A kobold (D:1)
  2 rats (D:1)
22 creatures vanquished.

Vanquished Creatures (others)
  48 foxfires
48 creatures vanquished.

Grand Total: 70 creatures vanquished

Notes
Turn   | Place    | Note
-------+----------+-------------------------------------------
     0 | D:1      | Pimp the Djinni Fire Elementalist began the quest for the
                  | Orb.
     0 | D:1      | Pimp set off with the following spells memorised: Foxfire,
                  | Scorch, Kindle Blastsparks, Inner Flame, Flame Wave.
     0 | D:1      | Reached XP level 1. HP: 15/15 MP: 0/0
   312 | D:1      | Reached XP level 2. HP: 20/21 MP: 0/0
   586 | D:1      | Reached XP level 3. HP: 17/25 MP: 0/0
   586 | D:1      | Learned a level 1 spell: Necrotise
   822 | D:2      | Noticed Robin
   834 | D:2      | HP: 1/25 [goblin/+0 club[Robin] (6)]
   839 | D:2      | Slain by a goblin

Illustrated notes

Levels and vault maps discovered:
D:1:      scummos_arrival_simple_crosswalls, layout_basic
D:2:      layout_loops_corners, serial_co_window_serial,
          co_window_of_opportunity_a, co_window_paths_a, co_window_paths_b,
          co_window_paths_a, co_window_paths_b, co_window_corner_a,
          co_window_2corner, co_window_of_opportunity_b, co_window_broadway_c,
          co_window_broadway_a, co_window_2corner, co_window_unsneaky_path_c,
          co_window_broadway_a, glass_columns_b, glass_columns_a,
          minmay_gold_behind_fungi, uniq_jessica, uniq_robin, uniq_terence

Skill      XL: |  1  2 |
---------------+-------+-----
Stealth        | 2 |  2.1
Dodging        | |  2.8
Spellcasting   | |  2.7

Action                     || total
---------------------------++-------
  Melee: Unarmed           ||     4
         Falchion          ||    13
   Cast: Foxfire           ||    33
         Scorch            ||     1
         Kindle Blastspark ||     1
    Use: Scroll            ||     3
         Potion            ||     2
   Stab: Sleeping          ||     1
 Armour: Robe              ||     7
  Dodge: Dodged            ||    46
  Block: Buckler           ||     8

Table legend: (Time is in decaauts)
 A = Elapsed time spent in this place.
 B = Non-inter-level travel time spent in this place.
 C = Inter-level travel time spent in this place.
 D = Time resting spent in this place.
 E = Time spent auto-exploring this place.
 F = Levels seen in this place.
 G = Mean time per level.
                   A        B        C        D        E       F      G
               +--------+--------+--------+--------+--------+-----+--------+
         Total |    842 |    827 |     15 |    172 |    415 |   2 |  421.0 |
       Dungeon |    842 |    827 |     15 |    172 |    415 |   2 |  421.0 |
               +--------+--------+--------+--------+--------+-----+--------+

Top non-repeatable levels by time:
     D:1: 809 daAuts
     D:2: 33 daAuts
